 Dungeon Crawl Stone Soup version 0.24-a0-504-gcfb02b9d07 (webtiles) character file.

Game seed: 4573713552972021691

56 Inarius the Caller (level 3, -2/24 HPs)
             Began as a Demonspawn Summoner on July 16, 2019.
             Slain by Natasha (6 damage)
             ... on level 2 of the Dungeon.
             The game lasted 00:03:21 (2024 turns).

Inarius the Caller (Demonspawn Summoner)            Turns: 2024, Time: 00:03:22

Health: -2/24      AC:  3    Str:  8    XL:     3   Next: 69%
Magic:  5/5        EV: 12    Int: 17    God:
Gold:   54         SH:  0    Dex: 15    Spells: 3/6 levels left

rFire    . . .     SeeInvis .   g - +0 short sword
rCold    . . .     Gourm    .   (no shield)
rNeg     . . .     Faith    .   a - +0 robe
rPois    .         Spirit   .   (no helmet)
rElec    .         Reflect  .   n - +0 cloak
rCorr    .         Harm     .   (no gloves)
MR       .....                  (no boots)
Stlth    +.........             (no amulet)
HPRegen  0.08/turn              (no ring)
MPRegen  0.09/turn              (no ring)

@: confused
A: hooves 1, agile 1, low mp 1, rot immunity, subdued magic 1, MP-powered wands
a: no special abilities


You were on level 2 of the Dungeon.
You were not hungry.

You visited 1 branch of the dungeon, and saw 2 of its levels.

You collected 54 gold pieces.

Inventory:

Hand Weapons
 g - a +0 short sword (weapon)
Armour
 a - a +0 robe (worn)
 i - a scarf of cloud immunity
 j - a +0 ring mail
 n - a +0 cloak (worn)
Scrolls
 b - a scroll of fog {unknown}
 e - a scroll of teleportation {unknown}
 f - 2 scrolls of identify {unknown}
 h - a scroll of random uselessness {unknown}
 k - a scroll of remove curse {unknown}
 l - a scroll of amnesia {unknown}
 o - a scroll of immolation {unknown}
Potions
 m - a potion of mutation
Comestibles
 c - 6 rations
 p - 2 chunks of flesh


   Skills:
 + Level 0.1 Fighting
 + Level 2.0 Dodging
 - Level 1.7 Stealth
 + Level 2.4 Spellcasting
 * Level 5.0 Summonings


You had 3 spell levels left.
You knew the following spells:

 Your Spells              Type           Power        Failure   Level  Hunger
a - Summon Small Mammal   Summ           ##..         1%          1    #......
b - Call Imp              Summ           ##......     2%          2    ##.....

Your spell library contained the following spells:

 Spells                   Type           Power        Failure   Level  Hunger
 Call Canine Familiar     Summ           ##......     5%          3    ###....
 Summon Guardian Golem    Hex/Summ       #.......     17%         3    ###....
 Summon Ice Beast         Ice/Summ       #.......     50%         4    #####..
 Summon Lightning Spire   Summ/Air       #.......     50%         4    #####..


Dungeon Overview and Level Annotations

Branches:
Dungeon (2/15)

Altars:

Annotations:
D:2 Natasha


Innate Abilities, Weirdness & Mutations

You have large cloven feet.
You are immune to rotting.
You are agile. (Dex +2)
Your magical capacity is low. (-10% MP)
Your spells are a little easier to cast, but a little less powerful.
You expend magic power (3 MP) to strengthen your wands.


Message History

You feel invigorated. Natasha completely misses you.
Your crimson imp hits the iron imp but does no damage.
The white imp gestures at you. The puff of frost hits you!
The iron imp misses you.
Unknown command.
Are you sure you want to stumble around while confused and next to your white imp?
Okay, then.
Are you sure you want to stumble around while confused and next to your white imp?
Okay, then.
Unknown command.
Natasha mumbles some strange words.
Your crimson imp hits the iron imp but does no damage.
The white imp gestures at you. The puff of frost hits you!
* * * LOW HITPOINT WARNING * * *
Unknown command.
The iron imp hits you.
* * * LOW HITPOINT WARNING * * *
Natasha claws you.
You die...

..... #.. ##... #..#
#### ##..# # #.... #...#
.# #..S# .#
#.wh####.###. .
.##5g5@5....... #
#.##..55.!...... #.
#.#.....###.#### #.
###.#.....###.#####.
#.##.#....)....รท.......
#.#...##.....###.....##
#......#.....# ####.#
##.......##.###
#.....)......#


You could see an iron imp, Natasha, a crimson imp, a white imp, a dart slug, a
goblin, a ball python, a friendly crimson imp and a friendly white imp.

Vanquished Creatures
  2 adders (D:2)
  A dart slug (D:1)
  A leopard gecko (D:1)
  5 bats
  6 goblins
  2 hobgoblins (D:2)
  3 frilled lizards
  3 rats (D:1)
23 creatures vanquished.

Vanquished Creatures (collateral kills)
  2 adders (D:2)
  A worm (D:2)
  A giant cockroach (D:2)
  A goblin (D:1)
  2 hobgoblins (D:1)
  A bat (D:2)
  3 kobolds
  A rat (D:1)
12 creatures vanquished.

Grand Total: 35 creatures vanquished

Notes
Turn   | Place    | Note
-------+----------+-------------------------------------------
     0 | D:1      | Inarius the Demonspawn Summoner began the quest for the
                  | Orb.
     0 | D:1      | Reached XP level 1. HP: 13/13 MP: 3/3
   386 | D:1      | Gained mutation: You have large cloven feet. [demonic
                  | ancestry]
   386 | D:1      | Reached XP level 2. HP: 19/19 MP: 5/5
   640 | D:1      | Learned a level 2 spell: Call Imp
  1292 | D:2      | Gained mutation: You are immune to rotting. [demonic
                  | ancestry]
  1292 | D:2      | Reached XP level 3. HP: 14/24 MP: 4/6
  1773 | D:2      | Reached skill level 5 in Summonings
  2011 | D:2      | Noticed Natasha
  2021 | D:2      | Gained mutation: Your magical capacity is low. (-10% MP)
                  | [potion of mutation]
  2021 | D:2      | Gained mutation: Your spells are a little easier to cast,
                  | but a little less powerful. [potion of mutation]
  2021 | D:2      | Gained mutation: You expend magic power (3 MP) to
                  | strengthen your wands. [potion of mutation]
  2021 | D:2      | Gained mutation: You are agile. (Dex +2) [potion of
                  | mutation]
  2024 | D:2      | Slain by Natasha

Levels and vault maps discovered:
D:1:      lightli_arrival_noodles, layout_basic
D:2:      layout_loops_ring, minmay_tetromino_o2, uniq_crazy_yiuf_cottage,
          uniq_terence, uniq_natasha, uniq_robin

Skill      XL: |  1  2  3 |
---------------+----------+-----
Summonings     | 5 |  5.0
Dodging        | 2 |  2.0
Fighting       | |  0.1
Stealth        | |  1.7
Spellcasting   | |  2.4

Action                   || total
-------------------------++-------
Melee: Short sword       ||    93
       Dagger            ||    10
       Unarmed           ||     1
       Kick              ||     9
 Cast: Summon Small Mamm ||     8
       Call Imp          ||    11
  Use: Potion            ||     2
 Stab: Sleeping          ||     4
       Distracted        ||     1
  Eat: Chunk             ||     4
Armor: Robe              ||    21
Dodge: Dodged            ||   108

Table legend:
 A = Non-vault XP
 B = Vault XP
 C = Vault XP percentage of total XP
 D = Non-vault monster count
 E = Vault monster count
 F = Vault count percentage of total count
                 A         B        C        D         E       F
            +---------+---------+-------+---------+---------+-------
      Total |      78 |       2 |   2.5 |      34 |       1 |   2.9
            +---------+---------+-------+---------+---------+-------
        D:1 |      26 |       0 |   0.0 |      17 |       0 |   0.0
        D:2 |      52 |       2 |   3.7 |      17 |       1 |   5.6
            +---------+---------+-------+---------+---------+-------
